 Dungeon Crawl Stone Soup version 0.19-a0-1827-g174f941 (webtiles) character file.

61184 Capuchin the Warrior (level 14, -7/138 HPs)
             Began as a Minotaur Fighter on Oct 6, 2016.
             Was the Champion of Okawaru.
             Killed from afar by a starcursed mass (12 damage)
             ... with an accursed screaming
             ... on level 2 of the Abyss on Oct 7, 2016.
             The game lasted 01:18:17 (17754 turns).

Capuchin the Warrior (Minotaur Fighter)            Turns: 17754, Time: 01:18:18

Health: -7/138     AC: 30    Str: 25    XL:     14   Next: 59%
Magic:  13/13      EV:  8    Int: 10    God:    Okawaru [******]
Gold:   1722       SH: 17    Dex: 20    Spells: 0 memorised, 13 levels left

rFire  + . .     SeeInvis +     e - +0 demon blade (flame)
rCold  . . .     Gourm    .     T - +0 storm dragon armour
rNeg   . . .     Faith    .     R - +1 shield "Zuenwet" {Int+5}
rPois  .         Spirit   .     i - +2 hat {SInv}
rElec  +         Dismiss  .     X - +4 cloak of the Wasteland {*Drain Dex+4 SInv}
rCorr  .         Reflect  +     F - +0 pair of gloves
MR     +....     Harm     .     l - +2 pair of boots
Stlth  ..........               r - +3 amulet of reflection
                                k - +3 ring of dexterity
                                Z - ring of protection from fire

@: drained
A: retaliatory headbutt, horns 2, strong 1, wild magic 1
a: Heroism, Finesse, Renounce Religion


You were on level 2 of the Abyss.
You worshipped Okawaru.
Okawaru was exalted by your worship.
You were hungry.

You visited 3 branches of the dungeon, and saw 18 of its levels.
You visited the Abyss 1 time.

You collected 1722 gold pieces.

Inventory:

Hand Weapons
 e - a +0 demon blade of flaming (weapon)
 M - the +4 falchion of Rotwy {antimagic, rPois Str+5, unknown}
   (You found it on level 5 of the Lair of Beasts)

   It reduces the magical energy of the wielder, and disrupts the spells and
   magical abilities of those hit.
   Natural abilities and divine invocations are not affected.
   It affects your strength (+5).
   It protects you from poison.
Armour
 c - a +2 buckler of protection
 i - a +2 hat of see invisible (worn)
 l - a +2 pair of boots (worn)
 F - a +0 pair of gloves (worn)
 R - the +1 shield "Zuenwet" (worn) {Int+5}
   (Okawaru gifted it to you on level 9 of the Dungeon)

   It affects your intelligence (+5).
 T - a +0 storm dragon armour (worn)
 X - the +4 cloak of the Wasteland (worn) {*Drain Dex+4 SInv}
   (You found it on level 3 of the Lair of Beasts)

   It affects your dexterity (+4).
   It lets you see invisible.
   It causes draining when unequipped.
Jewellery
 k - a +3 ring of dexterity (right hand)
 r - a +3 amulet of reflection (around neck)
 x - an uncursed ring of flight
 Z - a ring of protection from fire (left hand)
Wands
 d - a wand of slowing (16/48)
 E - a wand of flame (30/48)
 K - a wand of acid (8/15)
 L - a wand of paralysis (22/24)
 O - a wand of polymorph (10/24)
 S - a wand of lightning (7/15)
 U - a wand of confusion (19/48)
Scrolls
 a - a scroll of summoning {unknown}
 j - 3 scrolls of enchant weapon
 q - a scroll of blinking
 s - 6 scrolls of remove curse
 y - 2 scrolls of fog
 z - a scroll of teleportation
 A - 3 scrolls of fear
 C - 18 scrolls of identify
 G - 3 scrolls of amnesia
 I - a scroll of enchant armour
Potions
 b - 2 potions of agility
 g - a potion of lignification
 h - a potion of flight
 m - 4 potions of ambrosia
 o - 8 potions of curing
 p - 3 potions of brilliance {unknown}
 v - 2 potions of mutation
 w - 3 potions of might
 B - 4 potions of haste {unknown}
 H - 3 potions of magic
 Q - a potion of berserk rage
Comestibles
 f - 14 bread rations
 n - 11 royal jellies
 u - 9 meat rations
 N - 7 beef jerkies


   Skills:
 * Level 16.4 Fighting
 * Level 16.3(16.2) Long Blades
   Level 3.2 Bows
 * Level 16.1(16.0) Armour
 - Level 10.9 Shields


You had 13 spell levels left.
You didn't know any spells.

Dungeon Overview and Level Annotations

Branches:
Dungeon (10/15)            Temple (0/1) D:4            Lair (6/6) D:9
  Swamp (0/4) Lair:2       Spider (0/4) Lair:3        Slime (0/5) Lair:6
    Orc (2/2) D:9             Elf (0/3) Orc:2

Altars:
Cheibriados
Dithmenos
Hepliaklqana
Okawaru
Qazlal
Trog
The Shining One

Shops:
D:4 *   D:7 *[?   D:9 !   Orc:1 *

Annotations:
Lair:2 exclusion: oklob plant
Orc:2 Sonja


Innate Abilities, Weirdness & Mutations

You reflexively headbutt those who attack you in melee.
You have a pair of horns on your head.
Your muscles are strong. (Str +2)
Your spells are a little harder to cast, but a little more powerful.


Message History

A chorus of shrieks assaults your mind.
* * * LOW HITPOINT WARNING * * *
A starcursed mass splits.
A spatial vortex comes into view.
The spatial maelstrom hits you but does no damage. x2
A spatial vortex comes into view.
A spatial maelstrom comes into view.
The spatial maelstrom hits you but does no damage.
You block the spatial maelstrom's attack.
The starcursed mass shrieks in your mind.
* * * LOW HITPOINT WARNING * * *
The hellwing swoops through the air toward you!
The hellwing hits you but does no damage.
You block the hellwing's attack.
The spatial maelstrom hits you but does no damage. x2
A starcursed mass splits. x2 2 spatial vortices come into view.
A starcursed mass splits.
A deafening chorus of shrieks assaults your mind!
You die...

#..#..... .....
#.#..X... . ..
#..##X.........
##X.##.X........
#Xvvv#..4#......
#.v#.#..#.#.....
##.4v##X..###...
#......X.........
##.@.X.X..v......
##..#.####......
#.##... ##.#
#.#..#.... . #.
.. ##.# #. .# #..
.# #. .. . .


You could see 6 starcursed masses, 2 spatial maelstroms, 4 spatial vortices and
a hellwing.

Vanquished Creatures
  A stone giant (D:9)
  Snorg (Lair:3)
  A dire elephant (Lair:3)
  Josephine (Orc:1)
  A fire dragon (Lair:6)
  The ghost of Torious the Thaumaturge, a journeyman DECj of Sif Muna (Lair:1)
  3 hydras
  3 catoblepae
  The ghost of Mordaer the Cleaver, a novice DDBe of Trog (Orc:1)
  11 death yaks
  The ghost of Amnesiac the Thaumaturge, a journeyman DEEn of Dithmenos (Lair:1)
  The ghost of poirepourri the Thaumaturge, a novice DECj of Vehumet (D:8)
  A wizard (D:9)
  A mana viper (Abyss:2)
  An ugly thing (D:10)
  2 black mambas
  Maurice (D:8)
  14 elephants
  12 spiny frogs
  An efreet (Abyss:2)
  11 komodo dragons
  6 rime drakes
  A queen bee (Lair:3)
  4 trolls
  19 blink frogs
  A two-headed ogre (D:4)
  8 dream sheep
  7 hippogriffs
  4 redbacks (Lair:3)
  52 yaks
  3 wraiths (Orc:1)
  7 basilisks
  2 wyverns
  Sigmund (D:3)
  2 steam dragons
  A warg (Orc:2)
  7 water moccasins
  5 porcupines
  2 swamp drakes (Lair:6)
  3 black bears (D:9)
  6 orc warriors (Orc:2)
  An ice beast (D:10)
  5 sky beasts
  An eye of draining (D:10)
  5 phantoms
  8 centaurs
  7 ogres
  11 wolves
  12 crocodiles
  A big kobold (D:7)
  19 bullfrogs
  A gnoll sergeant (D:9)
  A water moccasin zombie (D:9)
  4 scorpions
  32 killer bees
  9 wights
  5 crimson imps
  4 quasits
  11 hounds
  3 jellies (Lair:6)
  7 orc wizards
  A centaur zombie (D:9)
  5 iguanas
  7 orc priests
  4 hell rats (Lair:6)
  8 worker ants
  Terence (D:2)
  8 adders
  8 gnolls
  A howler monkey skeleton (D:4)
  A river rat (D:9)
  A shadow imp (D:9)
  4 oozes
  3 adder skeletons
  2 worms (D:2)
  A dart slug (D:1)
  4 leopard geckos
  23 orcs
  A ball python (D:1)
  6 bats
  4 giant cockroaches
  3 goblins (D:1)
  3 hobgoblins
  3 jackals (D:7)
  5 quokkas
  3 frilled lizards (D:1)
  A jackal zombie (D:7)
  6 kobolds
  A leopard gecko skeleton (D:4)
  A leopard gecko zombie (D:8)
  A quokka zombie (D:6)
  7 rats
  A fulminant prism (D:8)
  A fungus (Lair:3)
487 creatures vanquished.

Vanquished Creatures (others)
  A rakshasa (D:10)
  A goblin (D:3)
  11 fungi
  13 plants
  2 starspawn tentacles (Abyss:2)
28 creatures vanquished.

Grand Total: 515 creatures vanquished

Notes
Turn   | Place    | Note
-------+----------+-------------------------------------------
     0 | D:1      | Capuchin the Minotaur Fighter began the quest for the Orb.
     0 | D:1      | Reached XP level 1. HP: 19/19 MP: 0/0
   143 | D:1      | Reached XP level 2. HP: 22/27 MP: 1/1
   705 | D:2      | Found an iron altar of Okawaru.
   710 | D:2      | Became a worshipper of Warmaster Okawaru
   749 | D:2      | Reached XP level 3. HP: 29/33 MP: 2/2
   850 | D:2      | Found a snail-covered altar of Cheibriados.
  1060 | D:2      | Noticed Terence
  1067 | D:2      | Killed Terence
  1108 | D:2      | Upgraded the game from 0.19-a0-1821-g42c593c to 0.19-a0-1827-g174f941
  1276 | D:2      | Reached XP level 4. HP: 40/40 MP: 3/3
  1565 | D:3      | Noticed Sigmund
  1573 | D:3      | Killed Sigmund
  1573 | D:3      | Reached skill level 5 in Shields
  1573 | D:3      | Reached XP level 5. HP: 30/47 MP: 4/4
  1674 | D:3      | Reached skill level 5 in Armour
  1751 | D:3      | Reached skill level 5 in Fighting
  1798 | D:3      | Reached XP level 6. HP: 56/56 MP: 5/5
  2488 | D:4      | Found a staircase to the Ecumenical Temple.
  2613 | D:4      | Found Hiuh's Assorted Antiques.
  2653 | D:4      | Noticed a two-headed ogre
  2660 | D:4      | Killed a two-headed ogre
  2660 | D:4      | Reached * piety under Okawaru
  2660 | D:4      | Reached skill level 5 in Long Blades
  2660 | D:4      | Reached XP level 7. HP: 47/61 MP: 6/6
  2683 | D:4      | Found a glowing golden altar of the Shining One.
  2982 | D:4      | Gained mutation: Your muscles are strong. (Str +2) [potion of mutation]
  2982 | D:4      | Gained mutation: Your spells are a little harder to cast, but a little more powerful. [potion of mutation]
  2987 | D:5      | Entered Level 5 of the Dungeon
  2987 | D:5      | Found a stormy altar of Qazlal.
  2995 | D:5      | Found a hazy altar of Hepliaklqana.
  4082 | D:5      | Reached XP level 8. HP: 64/71 MP: 7/7
  4299 | D:6      | Reached ** piety under Okawaru
  4691 | D:7      | Found Tisk's General Store.
  4734 | D:7      | Found Qif Vone's Antique Armour Boutique.
  4989 | D:7      | Reached *** piety under Okawaru
  4989 | D:7      | Reached XP level 9. HP: 74/81 MP: 8/8
  5214 | D:7      | Found Qeitsa's Magic Scroll Shoppe.
  5408 | D:8      | Noticed Maurice
  5408 | D:8      | Noticed poirepourri's ghost (novice DECj)
  5793 | D:8      | Killed Maurice
  5856 | D:8      | Killed poirepourri's ghost
  6028 | D:8      | Reached **** piety under Okawaru
  6278 | D:9      | Noticed a troll
  6279 | D:9      | Found Puno's Distillery.
  6287 | D:9      | Killed a troll
  6288 | D:9      | Found a bloodstained altar of Trog.
  6290 | D:9      | Reached XP level 10. HP: 76/91 MP: 9/9
  6451 | D:9      | Noticed a six-headed hydra
  6925 | D:9      | Noticed a stone giant
  6955 | D:9      | Killed a stone giant
  6955 | D:9      | Reached ***** piety under Okawaru
  6955 | D:9      | Received a gift from Okawaru
  6955 | D:9      | Reached skill level 10 in Fighting
  6955 | D:9      | Reached skill level 10 in Armour
  6955 | D:9      | Reached skill level 10 in Shields
  6963 | D:9      | Reached skill level 10 in Long Blades
  7200 | D:9      | Noticed a wizard
  7213 | D:9      | Paralysed by a wizard for 2 turns
  7216 | D:9      | Killed a wizard
  7225 | D:9      | Noticed a catoblepas
  7252 | D:9      | Killed a catoblepas
  7574 | D:9      | Received a gift from Okawaru
  7574 | D:9      | Reached XP level 11. HP: 90/101 MP: 10/10
  7620 | D:9      | Got a heavily runed shield {god gift}
  7632 | D:9      | Identified the +1 shield "Zuenwet" {Int+5} (Okawaru gifted it to you on level 9 of the Dungeon)
  7752 | D:9      | Found a staircase to the Orcish Mines.
  7786 | D:9      | Found a staircase to the Lair.
  8011 | D:9      | Found a shadowy altar of Dithmenos.
  8330 | D:10     | Entered Level 10 of the Dungeon
  8560 | D:10     | Noticed a rakshasa
  8567 | D:10     | Noticed a purple ugly thing
  8580 | D:10     | Killed a purple ugly thing
  8600 | D:10     | Killed a rakshasa
  8600 | D:10     | Reached skill level 1 in Bows
  8646 | D:9      | Killed a six-headed hydra
  8766 | Lair:1   | Entered Level 1 of the Lair of Beasts
  9137 | Lair:1   | Noticed Torious's ghost (journeyman DECj)
  9139 | Lair:1   | Noticed Amnesiac's ghost (journeyman DEEn)
  9187 | Lair:1   | Killed Amnesiac's ghost
  9201 | Lair:1   | Killed Torious's ghost
  9937 | Lair:1   | Reached XP level 12. HP: 111/112 MP: 11/11
 10238 | Lair:2   | Found a staircase to the Swamp.
 10344 | Lair:2   | Received a gift from Okawaru
 10609 | Lair:2   | Received a gift from Okawaru
 10767 | Lair:2   | Noticed a catoblepas
 10827 | Lair:2   | Killed a catoblepas
 10827 | Lair:2   | Received a gift from Okawaru
 11265 | Lair:2   | Reached ****** piety under Okawaru
 11350 | Lair:3   | Noticed Snorg
 11365 | Lair:3   | Killed Snorg
 11572 | Lair:3   | Noticed a dire elephant
 11595 | Lair:3   | Killed a dire elephant
 11595 | Lair:3   | Received a gift from Okawaru
 11814 | Lair:3   | Got a heavily runed cloak
 11946 | Lair:3   | Identified the +4 cloak of the Wasteland {*Drain Dex+4 SInv} (You found it on level 3 of the Lair of Beasts)
 12101 | Lair:3   | Received a gift from Okawaru
 12365 | Lair:3   | Noticed a death yak
 12366 | Lair:3   | Noticed a death yak
 12367 | Lair:3   | Noticed a death yak
 12368 | Lair:3   | Noticed a death yak
 12368 | Lair:3   | Noticed a death yak
 12407 | Lair:3   | Noticed a death yak
 12413 | Lair:3   | Killed a death yak
 12417 | Lair:3   | Killed a death yak
 12417 | Lair:3   | Reached XP level 13. HP: 116/123 MP: 12/12
 12729 | Lair:3   | Found a hole to the Spider Nest.
 12907 | Lair:4   | Received a gift from Okawaru
 13781 | Lair:4   | Reached skill level 15 in Fighting
 13825 | Lair:5   | Reached skill level 15 in Long Blades
 14812 | Lair:5   | Got a dazzling falchion
 14895 | Lair:5   | Reached skill level 15 in Armour
 14950 | Lair:6   | Entered Level 6 of the Lair of Beasts
 15160 | Lair:6   | Received a gift from Okawaru
 15169 | Lair:6   | Reached XP level 14. HP: 107/135 MP: 10/13
 15832 | Lair:6   | Found a staircase to the Slime Pits.
 15896 | Lair:6   | Got a pitted lapis lazuli ring
 15915 | Lair:6   | Identified the ring of the Meadowlark {*Slow rPois rC++ Str+4 Int+2} (You found it on level 6 of the Lair of Beasts)
 16780 | Orc:1    | Entered Level 1 of the Orcish Mines
 16780 | Orc:1    | Noticed Mordaer's ghost (novice DDBe)
 16813 | Orc:1    | Killed Mordaer's ghost
 16814 | Orc:1    | Found Qoxaxun's General Store.
 16855 | Orc:1    | Noticed Josephine
 16886 | Orc:1    | Killed Josephine
 16890 | Orc:1    | Received a gift from Okawaru
 17038 | Orc:2    | Entered Level 2 of the Orcish Mines
 17119 | Orc:2    | Found a staircase to the Elven Halls.
 17263 | Orc:2    | Noticed Sonja
 17598 | Orc:2    | Cast into level 2 of the Abyss (Sonja)
 17658 | Abyss:2  | Noticed a tentacled starspawn
 17745 | Abyss:2  | Noticed a starcursed mass
 17752 | Abyss:2  | HP: 4/138 [starcursed mass/accursed screaming (7)]
 17754 | Abyss:2  | Killed from afar by a starcursed mass

Vault maps used:
D:1:      dpeg_arrival_prison
D:2:      overflow_temple_1_default, okawaru_metal_pillars_1_2, uniq_terence
D:3:      kennysheep_path_1, cheibrodos_gnoll_hut, uniq_sigmund
D:4:      tso_oasis_becter, serial_shops, shop
D:5:      nicolae_qazlal_general_emergency, lemuel_crystal_altar, first_bread
D:7:      serial_shops, nicolae_shop_behind_doors, nicolae_shop_waterfront,
          shop_fountains
D:8:      uniq_maurice
D:9:      minmay_quarter_circles, old_standard_altar, dpeg_lair_monsters,
          orc_0_dummy, serial_shops, nicolae_shop_stone, basic_altar,
          grunt_ogre_cave, kennysheep_nondescript
D:10:     minmay_crystal_room
Lair:1:   st_stairs_11, grunt_megastairs_4
Lair:2:   swamp_mist, nicolae_lair_grove_arrangements, dpeg_stationary_puzzle
Lair:3:   spider_nest_entry_funnel_web, special_room, uniq_snorg
Lair:6:   guppyfry_lair_end_dragon, nicolae_slime_entry_slimehenge
Orc:1:    cheibrodos_orc_bank, serial_shops, shop, uniq_erica, uniq_urug,
          uniq_harold, uniq_josephine, uniq_fannar
Orc:2:    st_orc_pillars, guppyfry_library_mini, uniq_donald, uniq_sonja

Skill      XL: |  1  2  3  4  5  6  7  8  9 10 11 12 13 14 |
---------------+-------------------------------------------+-----
Shields        | 4 5 6 7 9 10 | 10.9
Long Blades    | 3 4 5 6 7 9 10 12 13 15 16 | 16.3
Fighting       | 4 5 6 7 9 10 12 13 15 16 | 16.4
Armour         | 4 5 6 7 9 10 12 13 15 16 | 16.1
Bows           | 3 |  3.2

Action                   |  1- 3 |  4- 6 |  7- 9 | 10-12 | 13-15 || total
-------------------------+-------+-------+-------+-------+-------++-------
Melee: Long sword        |    76 |    89 |   286 |   911 |       ||  1362
       Headbutt          |    12 |    10 |    69 |   290 |   227 ||   608
       War axe           |       |       |       |     6 |       ||     6
       Demon blade       |       |       |       |    25 |   652 ||   677
Invok: Heroism           |       |       |     2 |     9 |     4 ||    15
       Finesse           |       |       |       |     1 |     1 ||     2
Evoke: Wand              |       |       |       |     5 |       ||     5
  Use: Potion            |     5 |     1 |     4 |     4 |     2 ||    16
       Scroll            |     4 |     2 |     6 |     9 |     2 ||    23
 Stab: Petrified         |       |       |       |     5 |       ||     5
  Eat: Chunk             |     1 |     3 |     9 |    18 |    14 ||    45
       Royal jelly       |       |     1 |       |       |       ||     1
       Beef jerky        |       |       |     1 |       |     2 ||     3
       Pizza             |       |       |     1 |     2 |       ||     3
Armor: Scale mail        |    37 |       |       |       |       ||    37
       Plate armour      |       |    41 |   144 |   409 |   142 ||   736
       Storm dragon armo |       |       |       |       |    99 ||    99
Dodge: Dodged            |    33 |    14 |    60 |   159 |   113 ||   379
Block: Shield            |    45 |    60 |   227 |   710 |   439 ||  1481
       Reflection        |       |     1 |     6 |     8 |     4 ||    19
       Rpst.: Long sword |     8 |     6 |    17 |    34 |       ||    65
       Demon blade       |       |       |       |       |    26 ||    26
